 Dungeon Crawl Stone Soup version 0.30-a0-728-gc68057be0a (webtiles) character file.

Game seed: 1143024279229928537

113148 Armakuni the Fencer (level 17, -3/128 HPs)
             Began as a Human Delver on Jan 29, 2023.
             Was the Champion of Wu Jian.
             Slain by a salamander
             ... wielding a +0 glaive
              (13 damage)
             ... on level 2 of the Snake Pit on Jan 30, 2023.
             The game lasted 02:56:29 (29639 turns).

Armakuni the Fencer (Human Delver)                 Turns: 29639, Time: 02:56:29

Health: -3/128     AC: 44    Str: 23    XL:     17   Next: 17%
Magic:  0/17       EV: 12    Int: 16    God:    Wu Jian [******]
Gold:   837        SH:  0    Dex: 23    Spells: 10/16 levels left

rFire   . . .      SeeInvis .    a - +1 great sword (protect)
rCold   . . .      Faith    .    (shield currently unavailable)
rNeg    + + .      Spirit   +    I - +2 crystal plate armour of Classification {rElec Str+5 Int+2 Stlth+}
rPois   +          Reflect  .    d - +0 helmet
rElec   +          Harm     .    H - +1 cloak {rPois}
rCorr   .          Rampage  .    m - +1 pair of gloves "Mexa" {*Corrode rN++ Regen+ Str+3}
Will    +....                    (no boots) Stlth
                                 G - amulet of guardian spirit
HPRegen 1.21/turn                k - +4 ring of slaying
MPRegen 0.15/turn                A - ring "Cuaptew" {Drain AC+4 Int+2 Dex+4}

@: under a protective aura, studying Shields
A: claws 1, iridescent scales 1
a: Renounce Religion, Wall Jump, Serpent's Lash, Heavenly Storm


You were on level 2 of the Snake Pit.
You worshipped Wu Jian.
Wu Jian was exalted by your worship.
You visited 6 branches of the dungeon, and saw 27 of its levels.
You also visited: Trove, Ossuary, Bailey, Ice Cave and Volcano.

You collected 3127 gold pieces.
You spent 2290 gold pieces at shops.

Inventory:

Hand Weapons
 a - a +1 great sword of protection (weapon)
 f - a +3 scimitar of flaming
Missiles
 O - 3 curare-tipped darts (quivered)
Armour
 d - a +0 helmet (worn)
 m - the +1 pair of gloves "Mexa" (worn) {*Corrode rN++ Regen+ Str+3}
   (You bought it in a shop on level 2 of the Orcish Mines)

   Str:       It affects your strength (+3).
   rN:        It greatly protects you from negative energy.
   Regen:     It increases your rate of health regeneration.
   *Corrode:  It may corrode you when you take damage.
 H - a +1 cloak of poison resistance (worn)
 I - the +2 crystal plate armour of Classification (worn) {rElec Str+5 Int+2 Stlth+}
   (You acquired it on level 12 of the Dungeon)

   Str:       It affects your strength (+5).
   Int:       It affects your intelligence (+2).
   rElec:     It insulates you from electricity.
   Stlth:     It makes you more stealthy.
 Q - +2 gold dragon scales
Jewellery
 k - a +4 ring of slaying (left hand)
 A - the ring "Cuaptew" (right hand) {Drain AC+4 Int+2 Dex+4}
   (You found it in an ice cave)

   [ring of protection]

   AC:        It affects your AC (+4).
   Int:       It affects your intelligence (+2).
   Dex:       It affects your dexterity (+4).
   Drain:     It drains your maximum health when unequipped.
 G - an amulet of guardian spirit (around neck)
 V - the ring "Vynlev" {rN+ Str+6 Stlth+}
   (You found it on level 3 of the Lair of Beasts)

   [ring of positive energy]

   Str:       It affects your strength (+6).
   rN:        It protects you from negative energy.
   Stlth:     It makes you more stealthy.
 W - the ring "Rebel" {Wiz rN+ Will+}
   (You found it in a treasure trove)

   [ring of wizardry]

   It improves your spell success rate.
   rN:        It protects you from negative energy.
   Will:      It increases your willpower.
Wands
 b - a wand of mindburst (5)
 g - a wand of quicksilver (5)
 j - a wand of polymorph (8)
 y - a wand of flame (29)
 C - a wand of charming (6)
 L - a wand of iceblast (10)
 N - a wand of digging (4)
Scrolls
 c - 4 scrolls of teleportation
 e - 7 scrolls of fear
 h - 5 scrolls of fog
 n - a scroll of blinking
 p - a scroll of brand weapon
 r - 4 scrolls of poison
 u - 4 scrolls of noise
 x - a scroll of amnesia
 z - 13 scrolls of identify
 D - 9 scrolls of vulnerability
 F - 4 scrolls of magic mapping
 K - a scroll of silence
Potions
 i - 6 potions of brilliance
 o - 4 potions of cancellation
 q - 2 potions of lignification
 s - 2 potions of flight
 t - 3 potions of haste
 w - 4 potions of might
 B - 7 potions of heal wounds
 E - a potion of magic
 J - a potion of berserk rage
Miscellaneous
 l - a lightning rod (4/4)
 v - a condenser vane


   Skills:
 - Level 10.0 Fighting
 - Level 20.0 Long Blades
 + Level 13.5 Armour
 + Level 13.7 Dodging
 - Level 5.1 Stealth
 - Level 4.0 Shields
 - Level 2.0 Evocations


You had 10 spell levels left.
You knew the following spells:

 Your Spells              Type           Power      Damage    Failure   Level
a - Apportation           Tloc           0%         N/A       100%        1
l - Lesser Beckoning      Tloc           0%         N/A       100%        2
p - Portal Projectile     Hex/Tloc       0%         N/A       100%        3

Your spell library contained the following spells:

 Spells                   Type           Power      Damage    Failure   Level
 Beastly Appendage        Tmut           0%         N/A       100%        1
 Magic Dart               Conj           0%         1d3       100%        1
 Necrotise                Necr           0%         1d4       100%        1
 Shock                    Conj/Air       0%         1d3       100%        1
 Summon Small Mammal      Summ           0%         N/A       100%        1
 Call Imp                 Summ           0%         N/A       100%        2
 Scorch                   Fire           0%         2d5       100%        2
 Sublimation of Blood     Necr           0%         N/A       100%        2
 Call Canine Familiar     Summ           0%         N/A       100%        3
 Gell's Gravitas          Tloc           0%         N/A       100%        3
 Hailstorm                Conj/Ice       0%         3d3       100%        3
 Ignite Poison            Fire/Tmut/Pois 0%         N/A       100%        3
 Mephitic Cloud           Conj/Pois/Air  0%         N/A       100%        3
 Summon Guardian Golem    Hex/Summ       0%         N/A       100%        3
 Swiftness                Air            0%         N/A       100%        3
 Teleport Other           Tloc           0%         N/A       100%        3
 Tukima's Dance           Hex            0%         N/A       100%        3
 Vampiric Draining        Necr           0%         2d6       100%        3
 Airstrike                Air            0%         2d(0-16)  100%        4
 Flame Wave               Conj/Fire      0%         2d4       100%        4
 Ice Form                 Ice/Tmut       0%         N/A       100%        4
 Summon Ice Beast         Ice/Summ       0%         N/A       100%        4
 Agony                    Necr           0%         N/A       100%        5
 Blade Hands              Tmut           0%         N/A       100%        5
 Summon Mana Viper        Hex/Summ       0%         N/A       100%        5
 Simulacrum               Ice/Necr       0%         N/A       100%        6
 Summon Cactus Giant      Summ           0%         N/A       100%        6
 Monstrous Menagerie      Summ           0%         N/A       100%        7


Dungeon Overview and Level Annotations

Branches:
Dungeon (15/15)            Temple (1/1) D:6            Lair (5/5) D:11
  Snake (2/4) Lair:3        Slime (0/5) Lair:4          Orc (2/2) D:10
    Elf (0/3) Orc:2        Vaults (0/5) D:14         Depths (2/4) D:15
Ossuary (visited)          Bailey (visited)           IceCv (visited)
Volcano (visited)
  Swamp: Lair:2-3    Shoals: Lair:2-3

Altars:
Ashenzari
Cheibriados
Dithmenos
Elyvilon
Fedhas
Gozag
Hepliaklqana
Kikubaaqudgha
Makhleb
Nemelex Xobeh
Okawaru
Qazlal
Ru
Sif Muna
Trog
Uskayaw
Vehumet
Wu Jian
Xom
Yredelemnul
Zin
The Shining One
Jiyva

Shops:
D:2 (   D:5 [   Orc:1 (   Orc:2 **[**?!(   Snake:2 :*[

Annotations:
Lair:3 Josephine
Orc:1 1 runed translucent door, Vuem's ghost, journeyman MiBe


Innate Abilities, Weirdness & Mutations

You have sharp fingernails.
You are partially covered in iridescent scales. (AC +2)


Message History

You completely miss the salamander. You slash the salamander!
The salamander is moderately wounded.
You spin and attack the naga repeatedly.
You hit the naga but do no damage.
The naga is lightly wounded.
You slice the naga!!
The naga is almost dead.
The salamander hits you but does no damage. x2
The naga misses you. The naga grabs you. The naga constricts you.
You escape the naga's grasp.
You spin and attack the salamander.
You slice the salamander!!
The salamander is severely wounded.
The salamander barely misses you.
The salamander hits you but does no damage.
The salamander closely misses you.
You lunge at the naga.
You barely miss the naga.
The naga is almost dead.
You spin and attack the salamander.
You slice the salamander!!
You kill the salamander!
The Council accepts your kill.
You spin and attack the salamander.
You hit the salamander.
The salamander is heavily wounded.
The naga hits you with a +0 scimitar.
* * * LOW HITPOINT WARNING * * *
The naga grabs you. The naga constricts you.
The salamander hits you but does no damage.
You slash the salamander!
The salamander is severely wounded.
The salamander hits you with a +0 glaive!
* * * LOW HITPOINT WARNING * * *
You are engulfed in flames!
* * * LOW HITPOINT WARNING * * *
The naga hits you but does no damage. The naga constricts you.
You slash the naga!
You kill the naga!
The Council accepts your kill.
The salamander hits you with a +0 glaive.
* * * LOW HITPOINT WARNING * * *
You are engulfed in flames!
You die...

#### # #.....
.......# ..#...
......## #....
...#...# #....#
.......##
##....###.......#
##......##........
#.......).).......
........)@........
#......))N........
######.)..........
#.).......... ###
##......###...
#.###.†......# ..
##..).....##.# #
#........##.# .#
##.......##.##
##.#


You could see a salamander (fast).

Vanquished Creatures
  Donald (Orc:2)
  A white draconian (IceCv)
  A dire elephant (Lair:5)
  An ettin (D:15)
  2 fire dragons
  5 hydras
  4 vault guards (D:14)
  3 catoblepae
  The ghost of XanderDroid the Grappler, a novice TrFi of Wu Jian (D:8)
  9 centaur warriors
  5 two-headed ogres
  2 anacondas
  3 boulder beetles
  2 naga warriors
  3 death yaks (Lair:5)
  A deep troll shaman (Lair:5)
  An orc high priest (Orc:2)
  A tengu warrior (D:15)
  4 naga sharpshooters (Snake:1)
  A hell knight (D:15)
  4 shock serpents
  A skeletal warrior (D:12)
  2 salamander mystics (Snake:2)
  A glowing orange brain (Depths:1)
  A naga ritualist (Snake:1)
  3 mana vipers (Snake:1)
  A necromancer (D:15)
  A harpy (D:12)
  6 salamanders
  5 deep elf pyromancers
  6 ugly things
  8 orc knights
  3 orc sorcerers
  2 manticores
  9 cyclopes
  11 elephants (Lair:5)
  A moth of wrath (Bailey)
  Joseph (Lair:1)
  2 ice statues (IceCv)
  4 naga magi
  15 black mambas
  10 cane toads
  2 gargoyles (D:11)
  A kobold demonologist (D:10)
  10 rime drakes
  A yaktaur (D:12)
  A freezing wraith (D:15)
  An efreet (Volcano)
  8 komodo dragons
  A tengu conjurer (D:15)
  3 meliai (D:15)
  13 trolls
  3 polar bears
  9 saltlings (Orc:2)
  2 hornets
  15 blink frogs
  A blink frog (shapeshifter) (D:14)
  11 dream sheep (Lair:5)
  A raiju (shapeshifter) (D:13)
  17 slime creatures
  Sigmund (D:2)
  4 shadows
  7 wyverns
  A vampire (D:11)
  5 basilisks
  7 wraiths
  29 yaks
  A wyvern (shapeshifter) (D:14)
  12 vampire mosquitoes
  A redback (Lair:5)
  3 fire elementals (Volcano)
  15 steam dragons
  3 wargs
  A death yak simulacrum (Lair:5)
  9 nagas
  6 acid dragons
  11 water moccasins
  A meliai simulacrum (D:15)
  2 ice beasts
  9 black bears
  26 orc warriors
  A sky beast (D:7)
  17 centaurs
  6 wolves (Lair:5)
  8 ogres
  2 phantoms
  9 kobold brigands
  7 bullfrogs
  3 scorpions
  2 earth elementals (Volcano)
  2 gnoll sergeants
  A cane toad simulacrum (Lair:5)
  20 wights
  An elephant simulacrum (Lair:5)
  A lindwurm simulacrum (IceCv)
  A howler monkey (D:9)
  6 komodo dragon simulacra (IceCv)
  2 hounds
  5 jellies
  2 centaur zombies (Ossuary)
  15 orc priests
  A gnoll bouda (Orc:2)
  5 iguanas
  13 orc wizards
  A wolf simulacrum (Lair:5)
  4 mummies (Ossuary)
  16 gnolls
  8 adders
  8 acid dragon simulacra (IceCv)
  A shadow imp (D:7)
  A white imp (D:5)
  An ufetubus (D:6)
  6 steam dragon simulacra (IceCv)
  3 worms
  A dart slug (D:1)
  53 orcs
  6 endoplasms
  4 giant cockroaches
  8 goblins
  7 hobgoblins
  2 jackals (D:1)
  3 quokkas
  8 ball pythons
  7 bats
  2 goblin zombies (Ossuary)
  2 hobgoblin zombies (Ossuary)
  30 kobolds
  A kobold zombie (Ossuary)
  An orc zombie (Ossuary)
  2 rats
  2 pillars of salt (Orc:2)
720 creatures vanquished.

Vanquished Creatures (collateral kills)
  An acid dragon (D:11)
1 creature vanquished.

Vanquished Creatures (others)
  2 yaks (D:11)
  An orc wizard (D:7)
  A white imp (D:7)
  28 fungi
  5 pillars of salt (Orc:2)
  20 plants
57 creatures vanquished.

Grand Total: 778 creatures vanquished

Notes
Turn   | Place    | Note
-------+----------+-------------------------------------------
     0 | D:5      | Armakuni the Human Delver began the quest for the Orb.
     0 | D:5      | Reached XP level 1. HP: 18/18 MP: 1/1
     2 | D:5      | Identified the amulet of Veastoy {Acrobat rC+}
    57 | D:5      | Noticed a phantom
   124 | D:5      | Noticed a black bear
   124 | D:5      | Noticed a jelly
   176 | D:5      | Reached XP level 2. HP: 20/24 MP: 2/2
   183 | D:4      | Noticed a scorpion
   419 | D:2      | Found Arhuh's Antique Weapon Shop.
   517 | D:2      | Reached XP level 3. HP: 29/29 MP: 3/3
   665 | D:2      | Noticed Sigmund
   801 | D:1      | Found a faded altar of an unknown god.
   886 | D:1      | Reached skill level 3 in Long Blades
  1819 | D:2      | Reached XP level 4. HP: 34/35 MP: 4/4
  1934 | D:2      | Got the Incunable of Undead Forms
  2393 | D:3      | Reached skill level 4 in Long Blades
  2568 | D:3      | Reached XP level 5. HP: 41/41 MP: 5/5
  3503 | D:4      | Reached skill level 5 in Long Blades
  3503 | D:4      | Reached XP level 6. HP: 33/47 MP: 6/6
  3755 | D:5      | Noticed an ogre
  3763 | D:5      | Killed an ogre
  3764 | D:5      | Reached skill level 6 in Long Blades
  3889 | D:5      | Found Luyxyur's Armour Emporium.
  3898 | D:5      | Bought a +1 scale mail of willpower for 208 gold pieces
  3916 | D:5      | Noticed a black bear
  3920 | D:5      | Killed a black bear
  3921 | D:5      | Reached XP level 7. HP: 47/52 MP: 7/7
  4441 | D:6      | Reached skill level 5 in Fighting
  4441 | D:6      | Reached XP level 8. HP: 62/62 MP: 8/8
  4455 | D:5      | Reached skill level 1 in Evocations
  4652 | D:6      | Found a sand-covered staircase.
  4661 | Ossuary  | Entered an ossuary
  4934 | D:6      | Found a staircase to the Ecumenical Temple.
  4940 | D:6      | Reached skill level 5 in Dodging
  4953 | Temple   | Entered the Ecumenical Temple
  5064 | Temple   | Became a worshipper of the Wu Jian Council
  5202 | D:6      | Reached XP level 9. HP: 49/68 MP: 4/9
  5326 | D:6      | Reached skill level 7 in Long Blades
  5463 | D:6      | Found a hide-covered altar of Uskayaw.
  5592 | D:6      | Found a shimmering altar of Xom.
  5669 | D:6      | Noticed an unseen horror
  5671 | D:6      | Reached skill level 8 in Long Blades
  6272 | D:7      | Reached skill level 9 in Long Blades
  6915 | D:7      | Reached skill level 10 in Long Blades
  7080 | D:7      | Reached * piety under Wu Jian
  7081 | D:7      | Reached XP level 10. HP: 74/74 MP: 10/10
  7142 | D:8      | Noticed XanderDroid's ghost (novice TrFi)
  7144 | D:8      | Found a runed translucent door.
  7968 | D:8      | Reached skill level 11 in Long Blades
  8263 | D:8      | Reached ** piety under Wu Jian
  8536 | D:9      | Found an ancient bone altar of Kikubaaqudgha.
  8543 | D:9      | Noticed a white ugly thing
  8690 | D:9      | Reached skill level 12 in Long Blades
  8782 | D:5      | Bought a +2 buckler for 214 gold pieces
  8921 | D:9      | Killed a white ugly thing
  9084 | D:9      | Found a broken altar of Ashenzari.
  9405 | D:9      | Found a stormy altar of Qazlal.
  9480 | D:10     | Entered Level 10 of the Dungeon
  9485 | D:10     | Identified the +11 dagger of Ocvo {venom, Str-5 Dex+5}
  9520 | D:10     | Found a white marble altar of Elyvilon.
  9550 | D:10     | Found a staircase to the Orcish Mines.
  9824 | D:10     | Reached XP level 11. HP: 69/80 MP: 11/11
  9953 | D:10     | Found a flagged portal.
  9976 | Bailey   | Entered a bailey
 10054 | Bailey   | Reached skill level 13 in Long Blades
 10060 | Bailey   | Gained mutation: Armour fits poorly on your strangely
                  | shaped body. [potion of mutation]
 10060 | Bailey   | Gained mutation: Your body sometimes deteriorates upon
                  | taking damage. [potion of mutation]
 10060 | Bailey   | Gained mutation: You possess an exceptional clarity of
                  | mind. [potion of mutation]
 10078 | Bailey   | Reached *** piety under Wu Jian
 10324 | Bailey   | Learned a level 1 spell: Apportation
 10327 | Bailey   | Learned a level 2 spell: Lesser Beckoning
 10331 | Bailey   | Learned a level 3 spell: Portal Projectile
 10337 | Bailey   | Noticed an orc knight
 10364 | Bailey   | an orc knight changed into a moth of wrath
 10364 | Bailey   | Noticed a moth of wrath
 10376 | Bailey   | Killed a moth of wrath
 10393 | Bailey   | Found a bloodstained altar of Trog.
 10818 | D:10     | Reached skill level 14 in Long Blades
 10835 | D:10     | Found a portal to a secret trove of treasure.
 11075 | D:11     | Noticed a two-headed ogre
 11365 | D:2      | Killed Sigmund
 11620 | D:8      | Killed XanderDroid's ghost
 11869 | D:11     | Noticed a cyclops
 12234 | D:11     | Found a staircase to the Lair.
 12335 | D:11     | Reached XP level 12. HP: 80/94 MP: 12/12
 12463 | D:11     | Noticed a centaur warrior
 12463 | D:11     | Noticed a two-headed ogre
 12463 | D:11     | Noticed a two-headed ogre
 12818 | D:11     | Killed a centaur warrior
 12819 | D:11     | Reached skill level 10 in Fighting
 12851 | Lair:1   | Entered Level 1 of the Lair of Beasts
 13221 | Lair:1   | Noticed Joseph
 13240 | Lair:1   | Killed Joseph
 14844 | Lair:2   | Reached skill level 10 in Dodging
 15088 | Lair:2   | HP: 4/97 [steam dragon] (7)]
 15339 | Lair:3   | Noticed Josephine
 15359 | Lair:2   | Reached XP level 13. HP: 72/103 MP: 13/13
 15364 | Lair:2   | Reached skill level 5 in Armour
 15764 | Lair:3   | Found a staircase to the Snake Pit.
 15896 | Lair:3   | Noticed a five-headed hydra
 15907 | Lair:3   | Killed a one-headed hydra
 16243 | Lair:3   | Identified the ring "Vynlev" {rN+ Str+6 Stlth+}
 16528 | Lair:3   | Reached skill level 15 in Long Blades
 16537 | Lair:3   | Reached **** piety under Wu Jian
 17264 | Lair:4   | Noticed a catoblepas
 17298 | Lair:4   | Killed a catoblepas
 17457 | Lair:4   | Found a staircase to the Slime Pits.
 17457 | Lair:4   | Found a viscous altar of Jiyva.
 17783 | Lair:4   | Reached skill level 16 in Long Blades
 18010 | Lair:5   | Entered Level 5 of the Lair of Beasts
 18166 | Lair:5   | Noticed a five-headed hydra
 18235 | Lair:5   | Killed a one-headed hydra
 18287 | Lair:5   | Noticed a six-headed hydra
 18295 | Lair:5   | Killed a one-headed hydra
 18395 | Lair:5   | Found a frozen archway.
 18507 | Lair:5   | Reached XP level 14. HP: 55/110 MP: 14/14
 18571 | Lair:5   | Reached skill level 17 in Long Blades
 18650 | IceCv    | Entered an ice cave
 18939 | IceCv    | Identified the ring of Xom's Bemusement {Wiz Int+7}
 19340 | IceCv    | Noticed a white draconian
 19372 | IceCv    | Killed a white draconian
 19792 | IceCv    | Identified the ring "Jenud" {Ice Slay+5}
 19802 | IceCv    | Identified the ring "Cuaptew" {Drain AC+4 Int+2 Dex+4}
 20125 | Lair:5   | Reached skill level 18 in Long Blades
 20606 | Lair:5   | Noticed a dire elephant
 20624 | Lair:5   | Killed a dire elephant
 20638 | Lair:5   | Identified the +3 leather armour of Ikaujis {*Corrode Int+5
                  | Stlth+}
 20655 | Lair:5   | Identified the +1 scale mail "Amuosuw" {+Blink rC- rCorr
                  | Int+3}
 20902 | Lair:5   | Reached skill level 19 in Long Blades
 21119 | Orc:1    | Entered Level 1 of the Orcish Mines
 21125 | Orc:1    | Reached ***** piety under Wu Jian
 21224 | Orc:1    | Found a runed translucent door.
 21225 | Orc:1    | Noticed Vuem's ghost (journeyman MiBe)
 21331 | Orc:1    | Found Udafoaq's Weapon Boutique.
 21472 | Orc:1    | Found a dark tunnel.
 21478 | Volcano  | Entered a volcano
 21799 | Orc:2    | Entered Level 2 of the Orcish Mines
 21799 | Orc:2    | Noticed Sonja
 21799 | Orc:2    | Found a staircase to the Elven Halls.
 21799 | Orc:2    | Found Nuddekka's Assorted Antiques.
 21804 | Orc:2    | Sonja changed into Sonja the worm
 21804 | Orc:2    | Noticed Sonja
 21809 | Orc:2    | Killed Sonja the worm
 22076 | Orc:2    | Bought a purple potion for 29 gold pieces
 22114 | Orc:2    | Reached XP level 15. HP: 84/115 MP: 10/15
 22123 | Orc:2    | Noticed Donald
 22133 | Orc:2    | Killed Donald
 22282 | Orc:2    | Found Erhik's Armour Shop.
 22317 | Orc:2    | Bought the +1 pair of gloves "Mexa" {*Corrode rN++ Regen+
                  | Str+3} for 332 gold pieces
 22380 | Orc:2    | Found Borhut's General Store.
 22389 | Orc:2    | Bought a scroll of magic mapping for 90 gold pieces
 22410 | Orc:2    | Found Betzodor's Assorted Antiques.
 22430 | Orc:2    | Bought a runed cloak for 165 gold pieces
 22430 | Orc:2    | Bought a potion of heal wounds for 110 gold pieces
 22678 | Orc:1    | Reached skill level 20 in Long Blades
 23095 | Orc:2    | Found Ruxtoips's Magic Scroll Boutique.
 23099 | Orc:2    | Bought a scroll of teleportation for 39 gold pieces
 23099 | Orc:2    | Bought a scroll of teleportation for 39 gold pieces
 23099 | Orc:2    | Bought a scroll of blinking for 97 gold pieces
 23615 | Orc:2    | Found Adoigroned's Assorted Antiques.
 23620 | Orc:2    | Bought 2 potions of heal wounds for 250 gold pieces
 23620 | Orc:2    | Bought a runed great sword for 237 gold pieces
 23642 | Orc:2    | Found Gym Seun's Distillery.
 23644 | Orc:2    | Found Tupuaw's Weapon Shop.
 23649 | Orc:2    | Bought 2 potions of curing for 72 gold pieces
 23649 | Orc:2    | Bought a potion of curing for 36 gold pieces
 23649 | Orc:2    | Bought a potion of heal wounds for 60 gold pieces
 23649 | Orc:2    | Bought a potion of heal wounds for 60 gold pieces
 23649 | Orc:2    | Bought a potion of mutation for 96 gold pieces
 23649 | Orc:2    | Bought a potion of mutation for 96 gold pieces
 23649 | Orc:2    | Bought a potion of heal wounds for 60 gold pieces
 24189 | D:12     | Noticed Nessos
 24191 | D:12     | Nessos changed into Nessos the cane toad
 24191 | D:12     | Noticed Nessos
 24199 | D:12     | Killed Nessos the cane toad
 24257 | D:12     | Reached ****** piety under Wu Jian
 24262 | D:12     | Identified a scroll of acquirement
 24262 | D:12     | Acquired the +2 crystal plate armour of Classification
                  | {rElec Str+5 Int+2 Stlth+}
 24871 | D:12     | Lost mutation: Your body sometimes deteriorates upon taking
                  | damage. [potion of mutation]
 24871 | D:12     | Lost mutation: Armour fits poorly on your strangely shaped
                  | body. [potion of mutation]
 24871 | D:12     | Lost mutation: You possess an exceptional clarity of mind.
                  | [potion of mutation]
 24871 | D:12     | Gained mutation: You are frail. (-10% HP) [potion of
                  | mutation]
 24871 | D:12     | Gained mutation: You are partially covered in iridescent
                  | scales. (AC +2) [potion of mutation]
 24871 | D:12     | Gained mutation: You have a beak for a mouth. [potion of
                  | mutation]
 24872 | D:12     | Lost mutation: You are frail. (-10% HP) [potion of
                  | mutation]
 24872 | D:12     | Lost mutation: You have a beak for a mouth. [potion of
                  | mutation]
 24872 | D:12     | Gained mutation: You have sharp fingernails. [potion of
                  | mutation]
 25074 | D:13     | Reached skill level 10 in Armour
 25952 | D:14     | Reached XP level 16. HP: 122/122 MP: 16/16
 26058 | D:14     | Found a gate to the Vaults.
 26719 | D:10     | You paid a toll of 18 potions of curing to enter a treasure
                  | trove
 26720 | Trove    | Entered a treasure trove
 26777 | Trove    | Found the +3 Elemental Staff {rElec rF++ rC++ AC+5}
 26799 | Trove    | Identified the +4 plate armour of the Sun {Harm rF+ Stlth+}
 26871 | Trove    | Identified the ring "Rebel" {Wiz rN+ Will+}
 27044 | D:15     | Entered Level 15 of the Dungeon
 27740 | D:15     | Found a staircase to the Depths.
 28321 | Depths:1 | Entered Level 1 of the Depths
 28600 | Lair:1   | Upgraded the game from 0.30-a0-726-gd89dcf765f to
                  | 0.30-a0-728-gc68057be0a
 28661 | Snake:1  | Entered Level 1 of the Snake Pit
 28737 | Snake:1  | Identified the +3 broad axe "Geke" {freeze, rC++ Will- SInv
                  | Stlth+}
 29126 | Snake:1  | Reached XP level 17. HP: 91/128 MP: 11/17
 29546 | Snake:2  | Found Metial's Antique Armour Boutique.
 29546 | Snake:2  | Found Piule's General Store.
 29550 | Snake:2  | Found Toipoff's Book Boutique.
 29639 | Snake:2  | Slain by a salamander

Illustrated notes

Levels and vault maps discovered:
D:1:      dpeg_arrival_renting, layout_basic, shapermc_ecumenical_altar_pompeii,
          minmay_tetromino_s4
D:2:      layout_basic, serial_shops, shop, lightli_corner_chamber, uniq_sigmund
D:3:      layout_basic
D:4:      layout_basic
D:5:      layout_gridville, serial_shops, nicolae_shop_statue_plus
D:6:      kennysheep_big_flooded_room, layout_loops_cross,
          nicolae_overflow_crystal_walls, nicolae_uskayaw_dance_hall,
          minmay_temple_entry_drinking_statues,
          lightli_ossuary_entry_decrepit_ruins
D:7:      layout_gridville
D:8:      layout_basic, hellmonk_ghost_happy_afterlife
D:9:      layout_gridville, mainiacjoe_overflow_tiny_flanked,
          mainiacjoe_overflow_catwalk_spiral, serial_park_tiny_2,
          dk_noncrumbling_4
D:10:     layout_basic, elyvilon_altar_5, david_orc_2, enter_bailey_3,
          nicolae_trove_entry_isolated
D:11:     minmay_razor_zed, layout_cave_pools, david_lair_generic,
          corexii_checkpoint_a
D:12:     layout_roguey, minmay_bent, uniq_nessos
D:13:     layout_small_grid, lightli_fourway_metalbox
D:14:     layout_roguey, lightli_vaults_fourway_checkpoint, serial_glass,
          glass_columns_a, glass_columns_b, glass_columns_a, glass_columns_b,
          glass_columns_b, glass_columns_c
D:15:     hangedman_depths_entry_civil_slaughter, layout_stronghold,
          chequers_serial_rivers_micro_d
Temple:   compressed_dpeg_triangle_lava_temple
Lair:1:   layout_roguey, uniq_joseph
Lair:2:   layout_chaotic_city, bobbens_dragon_lair_wall
Lair:3:   layout_chaotic_city, elwin_shoals_entry_rooms, dummy_snake_entry,
          uniq_josephine
Lair:4:   layout_small_grid, slime_entry_1
Lair:5:   grunt_lair_end_beastmaster, layout_cave_pods,
          portal_ice_cave_entry_ice_simulacra
Snake:1:  layout_onion
Snake:2:  layout_cave_town, minmay_shop_star, grunt_megastairs_5
Orc:1:    layout_diamond_mine, serial_shops, nicolae_shop_bloodbath_and_beyond,
          nicolae_volcano_entry_hallway, ebering_ghost_reflecting_pool
Orc:2:    hellmonk_orc_salted, layout_caves, basic_altar, serial_shops, shop,
          shop, shop, shop, uniq_donald, uniq_sonja
Depths:1: layout_long_grid, corexii_leaking_fountain, serial_sigils,
          serial_sigils_hangedman_snap, serial_sigils_hangedman_snap,
          serial_sigils_hangedman_quiver, serial_sigils_hangedman_leer,
          hell_entry, abyss_entry_small_statue_room,
          nicolae_wu_jian_wuxing_cycle
Depths:2: kennysheep_four_of_diamonds, layout_basic, hell_entry, serial_curves,
          eino_curves_02, eino_curves_02, serial_shops,
          nicolae_shop_temple_entry_statues_fountains, rand_demon_pan_entry_4

Skill      XL: |  1  2  3  4  5  6  7  8  9 10 11 12 13 14 15 16 |
---------------+-------------------------------------------------+-----
Long Blades    | 3 4 5 6 10 12 14 16 19 20 | 20.0
Armour         | 2 3 4 6 10 13 | 13.5
Dodging        | 3 6 10 11 13 | 13.7
Fighting       | 5 8 10 | 10.0
Evocations     | 2 |  2.0
Shields        | 4 |  4.0
Stealth        | |  5.1

Action                     |  1- 3 |  4- 6 |  7- 9 | 10-12 | 13-15 | 16-18 || total
---------------------------+-------+-------+-------+-------+-------+-------++-------
  Melee: Falchion          |    99 |    36 |       |       |       |       ||   135
         Mace              |       |    43 |       |       |       |       ||    43
         Punch             |       |     1 |     2 |     1 |       |       ||     4
         Quarterstaff      |       |    13 |    79 |    11 |       |       ||   103
         Long sword        |       |       |   135 |    84 |       |       ||   219
         Scimitar          |       |       |       |   318 |   985 |       ||  1303
         Dagger            |       |       |       |   252 |   139 |       ||   391
         Great sword       |       |       |       |       |   296 |   627 ||   923
  Throw: Dart              |     2 |    13 |     1 |     3 |    10 |       ||    29
         Javelin           |       |     7 |       |     6 |       |       ||    13
         Throwing net      |       |       |       |       |     2 |       ||     2
 Invoke: Serpent's Lash    |       |       |       |     7 |    16 |     5 ||    28
Ability: Lunge             |       |       |     8 |    65 |    93 |    41 ||   207
         Wall Jump         |       |       |       |     6 |    15 |     2 ||    23
         Whirlwind         |       |       |       |     8 |   187 |   223 ||   418
  Evoke: Wand              |       |     1 |     2 |    11 |    35 |       ||    49
         Lightning rod     |       |       |       |       |    14 |       ||    14
    Use: Scroll            |     7 |     4 |     7 |    17 |     9 |     3 ||    47
         Potion            |     1 |       |     4 |    12 |     9 |     2 ||    28
   Stab: Sleeping          |     4 |     6 |     4 |     3 |     8 |       ||    25
         Distracted        |       |     1 |     2 |     1 |     5 |       ||     9
         Invisible         |       |       |       |     7 |       |       ||     7
         Fleeing           |       |       |       |     1 |       |       ||     1
         Held in net/web   |       |       |       |       |     4 |       ||     4
 Armour: Leather armour    |     3 |       |       |       |       |       ||     3
         Ring mail         |    33 |    29 |       |       |       |       ||    62
         Scale mail        |       |       |    51 |   117 |   198 |       ||   366
         Crystal plate arm |       |       |       |       |   150 |   426 ||   576
  Dodge: Dodged            |    75 |    60 |   118 |   212 |   572 |   297 ||  1334
  Block: Buckler           |       |       |       |   148 |   296 |       ||   444

Table legend: (Time is in decaauts)
 A = Elapsed time spent in this place.
 B = Non-inter-level travel time spent in this place.
 C = Inter-level travel time spent in this place.
 D = Time resting spent in this place.
 E = Time spent auto-exploring this place.
 F = Levels seen in this place.
 G = Mean time per level.
                   A        B        C        D        E       F      G
               +--------+--------+--------+--------+--------+-----+--------+
         Total |  29315 |  26331 |   2984 |   7414 |   3153 |  32 |  916.1 |
       Dungeon |  16284 |  14053 |   2231 |   2970 |   2317 |  15 | 1085.6 |
        Temple |    116 |    116 |      0 |      0 |     26 |   1 |  116.0 |
          Lair |   6934 |   6525 |    409 |   2812 |     75 |   5 | 1386.8 |
     Snake Pit |    954 |    918 |     36 |    200 |      0 |   2 |  477.0 |
  Orcish Mines |   2392 |   2086 |    306 |    466 |    364 |   2 | 1196.0 |
        Depths |     82 |     82 |      0 |     28 |      0 |   2 |   41.0 |
         Trove |    224 |    224 |      0 |      0 |    106 |   1 |  224.0 |
       Ossuary |    249 |    249 |      0 |     34 |     15 |   1 |  249.0 |
        Bailey |    660 |    660 |      0 |    209 |    191 |   1 |  660.0 |
      Ice Cave |   1192 |   1192 |      0 |    583 |     58 |   1 | 1192.0 |
       Volcano |    223 |    223 |      0 |    110 |      0 |   1 |  223.0 |
               +--------+--------+--------+--------+--------+-----+--------+

Top non-repeatable levels by time:
  Lair:2: 1849 daAuts
     D:6: 1690 daAuts
     D:8: 1604 daAuts
  Lair:4: 1496 daAuts
    D:10: 1439 daAuts
  Lair:5: 1420 daAuts
    D:15: 1311 daAuts
    D:11: 1276 daAuts
   Orc:2: 1275 daAuts
     D:2: 1205 daAuts
   IceCv: 1192 daAuts
     D:5: 1174 daAuts
  Lair:1: 1164 daAuts
   Orc:1: 1116 daAuts
  Lair:3: 1004 daAuts
